AoeStats
← PNAL | x_lintu_x

Arabia

510182645Analyzed
1v1 RM · 2d ago on Sep 29, 2026· 31m 41s· 2 players
Game mode
Random Map
Map size
Tiny (2 player)
Population
200
Speed
Normal
Resources
Standard
Victory
Conquest
Starting age
Dark Age
Ending age
Imperial Age
RankedLock teamsTeams togetherTeam positionsShared explorationLock speedFull tech treeHidden civsTurbo modeCheats
Victory
Defeat
🇮🇹 Celts · Italy
1123
+15
🇦🇷 Ethiopians · Argentina
1112
-15
PNAL | x_lintu_x
7:00 Loom
9:30 Feudal Age
10:09 Double-Bit Axe
12:53 Fletching
20:12 Padded Archer Armor
26:14 Castle Age
26:17 Crossbowman
26:53 Bodkin Arrow
GecTM
6:46 Loom
9:07 Feudal Age
9:27 Man-at-Arms
10:06 Double-Bit Axe
15:38 Fletching
18:52 Padded Archer Armor
26:38 Castle Age
25:36 Scale Mail Armor
27:04 Arson
26:53 Elite Skirmisher
27:33 Bodkin Arrow
27:54 Leather Archer Armor
29:31 Gambesons
30:24 Gold Mining
31:21 Long Swordsman
Connection lost

Rejoining the realm…

Still unreachable

The connection could not be restored.

Session expired

The server has moved on; the page needs a fresh start.